 Dungeon Crawl Stone Soup version 0.22-a0-533-g4d20840 (webtiles) character file.

522 Amnesiac the Ducker (level 7, -2/35 HPs)
             Began as a Spriggan Berserker on June 22, 2018.
             Was a Priest of Trog.
             Slain by a slave (8 damage)
             ... led by Pikel
             ... on level 4 of the Dungeon.
             The game lasted 00:06:54 (4767 turns).

Amnesiac the Ducker (Spriggan Berserker)            Turns: 4767, Time: 00:06:54

Health: -2/35      AC:  4    Str: 15    XL:     7   Next: 2%
Magic:  8/8        EV: 19    Int:  9    God:    Trog [***...]
Gold:   164        SH:  0    Dex: 15    Spells: 6/6 levels left

rFire    . . .     SeeInvis +   q - +9 shortbow
rCold    . . .     Gourm    .   (shield currently unavailable)
rNeg     . . .     Faith    .   d - +1 animal skin
rPois    .         Spirit   .   (helmet restricted)
rElec    .         Reflect  .   j - +0 cloak
rCorr    .         Harm     +   (gloves unavailable)
MR       +....                  (boots unavailable)
Stlth    +++.......             m - amulet of harm
HPRegen  0.11/turn              (no ring)
MPRegen  0.11/turn              (no ring)

@: heavily drained, very quick
A: very small, unfitting armour, see invisible, herbivore, speed 3, slow
metabolism 2
a: Berserk, Trog's Hand, Renounce Religion


You were on level 4 of the Dungeon.
You worshipped Trog.
Trog was most pleased with you.
You were not hungry.

You visited 1 branch of the dungeon, and saw 4 of its levels.

You collected 164 gold pieces.

Inventory:

Hand Weapons
 a - a +0 short sword
 b - a +0 hunting sling
 q - a +9 shortbow (weapon)
Missiles
 e - 144 stones
 f - 16 sling bullets
 p - 5 poisoned tomahawks
 s - 60 arrows (quivered)
Armour
 d - a +1 animal skin (worn)
 j - a +0 cloak (worn)
Jewellery
 m - an amulet of harm (around neck)
Scrolls
 h - a scroll of teleportation {!r}
 k - a scroll of enchant armour {!r}
Potions
 g - 2 potions of haste {!q}
 i - a potion of might {!q}
 l - 3 potions of lignification {!q}
 o - 2 potions of curing {!q}
 r - a potion of brilliance {!q}
Comestibles
 c - 6 rations


   Skills:
 - Level 2.4(0.8) Fighting
 * Level 5.9(4.2) Short Blades
 + Level 2.8(1.4) Slings
 - Level 1.1(0.3) Throwing
 + Level 6.2(4.4) Dodging
 + Level 5.8(4.1) Stealth


You had 6 spell levels left.
You didn't know any spells.
Your spell library was empty.

Dungeon Overview and Level Annotations

Branches:
Dungeon (4/15)
 Temple: D:4-7

Altars:
Ashenzari
Elyvilon
Fedhas
Gozag
Hepliaklqana
Makhleb
Vehumet
The Shining One
Beogh

Annotations:
D:4 Pikel


Innate Abilities, Weirdness & Mutations

You are very small and have problems with some larger weapons.
You are too small for most types of armour.
You have supernaturally acute eyesight. (SInv)
You are a herbivore.
You cover ground extremely quickly.
You need to consume almost no food.


Message History

You shoot an arrow. The arrow hits the slave!
You kill the slave!
That felt strangely unrewarding.
A jackal comes into view.
The slave closely misses you.
The jackal moves out of view.
Firing (i - inventory. (/) - cycle)
s - 66 arrows (quivered)
Press: ? - help, Shift-Dir - straight line, f - slave
Aim: a slave, wearing an animal skin (heavily wounded)
You shoot an arrow. The arrow barely misses the slave. x2
The arrow barely misses the leopard gecko.
The arrow hits the jackal!
You kill the jackal!
Trog accepts your kill. The slave closely misses you.
Firing (i - inventory. (/) - cycle)
s - 65 arrows (quivered)
Press: ? - help, Shift-Dir - straight line, f/p - slave
Aim: a slave, wearing an animal skin (heavily wounded)
You shoot an arrow. The gnoll shouts!
The jackal barks!
The arrow hits the slave!
You kill the slave!
That felt strangely unrewarding.
The gnoll shaman calls upon its god to speed up the gnoll.
The gnoll seems to speed up.
Firing (i - inventory. (/) - cycle)
s - 64 arrows (quivered)
Press: ? - help, Shift-Dir - straight line, f - slave
Aim: a slave, wearing an animal skin You shoot an arrow.
The arrow hits the slave.
The slave is moderately wounded.
A jackal comes into view.
The slave hits you!
* * * LOW HITPOINT WARNING * * *
Firing (i - inventory. (/) - cycle)
s - 63 arrows (quivered)
Press: ? - help, Shift-Dir - straight line, f/p - slave
Aim: a slave, wearing an animal skin (moderately wounded)
You shoot an arrow. The jackal barks!
The arrow hits the slave.
The slave is moderately wounded.
You hear a shout!
The slave hits you.
* * * LOW HITPOINT WARNING * * *
Pikel the Slaver comes into view.
He is wielding a whip of freezing.
The slave hits you.
* * * LOW HITPOINT WARNING * * *
Press: ? - help, v - describe, . - travel, g - get item
Here: a slave, wearing an animal skin (moderately wounded)
An animal skin.
There is something else lying underneath.
The floor, spattered with blood.
There is a stone staircase leading up here.
Firing (i - inventory. (/) - cycle)
s - 62 arrows (quivered)
Press: ? - help, Shift-Dir - straight line, f/p - slave
Aim: a slave, wearing an animal skin (moderately wounded)
You shoot an arrow. The arrow hits the slave!
The slave is almost dead.
Unknown command.
Firing (i - inventory. (/) - cycle)
s - 61 arrows (quivered)
Press: ? - help, Shift-Dir - straight line, f/p - slave
Aim: a slave, wearing an animal skin (almost dead)
You shoot an arrow. The arrow closely misses the slave.
Unknown command.
The slave hits you!
You die...

#........ (
##.#......
.K.h####........
(.ggl([g...(>...
...gg###l..#...
####.###(..#####
#.#....g....#
######.#....p....#
#....#.#....[@...##
#..................#
.................#...
...........#.....# ..
...........#.....# ..
........#........#..
........#..........#.
..#.....#.......##...
. #.....#)..........#


You could see a slave, a gnoll shaman, a gnoll and a leopard gecko.

Vanquished Creatures
  Edmund (D:4)
  An orc warrior (D:4)
  3 slaves (D:4)
  The ghost of kae the Insei, a weakling DsTm (D:3)
  A hound (D:3)
  An orc wizard (D:3)
  A worker ant (D:3)
  8 adders
  2 worms
  5 dart slugs
  A leopard gecko (D:3)
  18 orcs
  A ball python (D:1)
  3 giant cockroaches
  10 goblins
  9 hobgoblins
  A jackal (D:4)
  3 quokkas
  3 bats
  6 frilled lizards
  10 kobolds
  7 rats
96 creatures vanquished.

Notes
Turn   | Place    | Note
-------+----------+-------------------------------------------
     0 | D:1      | Amnesiac the Spriggan Berserker began the quest for the Orb.
     0 | D:1      | Reached XP level 1. HP: 11/11 MP: 2/2
   164 | D:1      | Reached skill level 1 in Stealth
   507 | D:1      | Reached XP level 2. HP: 13/16 MP: 3/3
   968 | D:1      | Reached ** piety under Trog
  1335 | D:2      | Reached XP level 3. HP: 15/19 MP: 4/4
  1418 | D:2      | Found a shattered altar of Ashenzari.
  1440 | D:2      | Found an opulent altar of Gozag.
  1442 | D:2      | Found a radiant altar of Vehumet.
  1443 | D:2      | Found a hazy altar of Hepliaklqana.
  1444 | D:2      | Found a blossoming altar of Fedhas.
  1843 | D:2      | Noticed a phantom
  1865 | D:2      | Reached XP level 4. HP: 9/23 MP: 5/5
  2640 | D:3      | Found a white marble altar of Elyvilon.
  2854 | D:3      | Reached skill level 5 in Dodging
  3062 | D:3      | Found a runed gate.
  3062 | D:3      | Found a runed gate.
  3062 | D:3      | Found a runed gate.
  3074 | D:3      | Found a roughly hewn altar of Beogh.
  3078 | D:3      | Noticed kae's ghost (weakling DsTm)
  3357 | D:3      | Killed kae's ghost
  3357 | D:3      | Reached skill level 1 in Throwing
  3357 | D:3      | Reached XP level 5. HP: 27/27 MP: 6/6
  3724 | D:3      | Reached skill level 1 in Slings
  4045 | D:3      | Reached *** piety under Trog
  4289 | D:3      | Reached skill level 5 in Short Blades
  4291 | D:3      | Reached skill level 5 in Stealth
  4299 | D:3      | Found a burning altar of Makhleb.
  4384 | D:4      | Noticed an orc warrior
  4395 | D:3      | Reached XP level 6. HP: 32/32 MP: 7/7
  4451 | D:4      | Found a glowing golden altar of the Shining One.
  4524 | D:4      | Killed an orc warrior
  4524 | D:4      | Reached skill level 6 in Dodging
  4656 | D:4      | Noticed Edmund
  4668 | D:4      | Killed Edmund
  4668 | D:4      | Reached XP level 7. HP: 33/35 MP: 8/8
  4759 | D:4      | Noticed Pikel
  4767 | D:4      | Slain by a slave

Vault maps used:
D:1:      onia_arrival_pentagram
D:2:      ashenzari_altar_1, minitemple, first_ration, minmay_hedge_maze,
          minmay_octomino_j4
D:3:      nicolae_overflow_crystal_walls, biasface_ghost_orc_armoury,
          makhleb_blood_cavern_becter
D:4:      kennysheep_mini, minmay_temple_entry_mist, serial_shops, shop,
          minmay_misc_feat_chi, uniq_robin, uniq_pikel, uniq_edmund

Skill      XL: |  1  2  3  4  5  6 |
---------------+-------------------+-----
Stealth        | 2 3 4 5 |  5.8
Short Blades   | 4 5 |  5.9
Dodging        | 5 6 |  6.2
Throwing       | 1 |  1.1
Slings         | 1 2 |  2.8
Fighting       | |  2.4

Action                   |  1- 3 |  4- 6 |  7- 9 || total
-------------------------+-------+-------+-------++-------
Melee: Short sword       |   141 |    30 |       ||   171
 Fire: Hunting sling     |       |    77 |       ||    77
       Shortbow          |       |    58 |    20 ||    78
Invok: Berserk           |       |     1 |       ||     1
  Use: Scroll            |    10 |     3 |       ||    13
 Stab: Sleeping          |     3 |       |       ||     3
  Eat: Ration            |       |     2 |       ||     2
Armor: Animal skin       |     9 |     3 |     1 ||    13
Dodge: Dodged            |    98 |    71 |     7 ||   176

Table legend:
 A = Spawn XP
 B = Non-spawn XP
 C = Spawn XP percentage of total XP
 D = Spawn monster count
 E = Non-spawn monster count
 F = Spawn count percentage of total count
 G = Total turns spent on level
                    A         B        C        D         E        F      G
               +---------+---------+-------+---------+---------+-------+---------
         Total |       0 |     747 |   0.0 |       0 |      93 |   0.0 |  4767
               +---------+---------+-------+---------+---------+-------+---------
           D:1 |       0 |      42 |   0.0 |       0 |      24 |   0.0 |  1422
           D:2 |       0 |      66 |   0.0 |       0 |      22 |   0.0 |  1339
           D:3 |       0 |     288 |   0.0 |       0 |      35 |   0.0 |  1667
           D:4 |       0 |     351 |   0.0 |       0 |      12 |   0.0 |   339
               +---------+---------+-------+---------+---------+-------+---------
